 Dungeon Crawl Stone Soup version 0.26.0-10-g1f06aea511 (webtiles) character file.

Game seed: 13423457026043482217

305 septik the Chopper (level 6, -3/55 HPs)
             Began as a Minotaur Berserker on Jan 28, 2021.
             Was a Priest of Trog.
             Slain by an ogre
             ... wielding a +0 giant spiked club
              (14 damage)
             ... on level 4 of the Dungeon.
             The game lasted 00:05:25 (3467 turns).

septik the Chopper (Minotaur Berserker)             Turns: 3467, Time: 00:05:26

Health: -3/55      AC:  6    Str: 23    XL:     6   Next: 16%
Magic:  5/5        EV: 13    Int:  4    God:    Trog [***...]
Gold:   137        SH:  0    Dex: 10    Spells: 5/5 levels left

rFire    . . .     SeeInvis .   n - -1 whip (curse)
rCold    . . .     Faith    .   (no shield)
rNeg     . . .     Spirit   .   b - +1 animal skin
rPois    .         Reflect  .   (helmet restricted)
rElec    .         Harm     .   l - +2 cloak
rCorr    .         Rampage  .   (no gloves)
Will     .....     Rnd*Tele +   (no boots)
Stlth    +.........             (no amulet)
HPRegen  0.18/turn              c - ring of teleportation (curse)
MPRegen  0.09/turn              (no ring)

@: berserk cooldown, slowed, very slow
A: retaliatory headbutt, horns 2
a: Renounce Religion, Berserk, Trog's Hand


You were on level 4 of the Dungeon.
You worshipped Trog.
Trog was most pleased with you.
You visited 1 branch of the dungeon, and saw 4 of its levels.

You collected 137 gold pieces.

Inventory:

Hand Weapons
 a - a +0 hand axe
 n - a cursed -1 whip (weapon)
Missiles
 m - 78 stones (quivered)
Armour
 b - a +1 animal skin (worn)
 l - a +2 cloak (worn)
Jewellery
 c - a cursed ring of teleportation (left hand)
 o - a cursed -4 ring of intelligence {unknown}
Scrolls
 d - a scroll of enchant armour
 j - a scroll of identify
Potions
 e - a potion of invisibility {unknown}
 f - a potion of mutation {unknown}
 g - 2 potions of curing {unknown}
 h - 3 potions of heal wounds {unknown}
 i - a potion of resistance {unknown}
 k - 2 potions of cancellation {unknown}
 q - a potion of might {unknown}


   Skills:
 + Level 4.9 Fighting
 * Level 5.9 Axes
 + Level 4.1 Armour
 + Level 3.7 Dodging


You had 5 spell levels left.
You didn't know any spells.
Your spell library was empty.

Dungeon Overview and Level Annotations

Branches:
Dungeon (4/15)
 Temple: D:4-7

Altars:
Wu Jian


Innate Abilities, Weirdness & Mutations

You reflexively headbutt those who attack you in melee.
You have a pair of horns on your head.


Message History

The slug dart misses you. The dart slug launches a dart at you.
The slug dart misses you. The ogre closely misses you.
The dart slug launches a dart at you.
The slug dart hits you but does no damage.
The ogre closely misses you. You furiously retaliate!
You headbutt the ogre! The ogre misses you. You furiously retaliate!
You headbutt the ogre.
The ogre hits you with a +0 giant spiked club!
You hit the ogre but do no damage. Your headbutt misses the ogre.
The ogre is heavily wounded.
The ogre hits you with a +0 giant spiked club!
* * * LOW HITPOINT WARNING * * *
You hit the ogre.
The ogre is severely wounded.
The ogre misses you.
You hit the ogre.
The ogre is severely wounded.
The ogre hits you with a +0 giant spiked club!
You die...

## #####.
###.....
#########.....##
##............##
##Ow.........###
#@############
###


You could see an ogre and a dart slug.

Vanquished Creatures
  A centaur (D:3)
  An iguana (D:4)
  A worker ant (D:4)
  Robin (D:3)
  8 adders
  An ufetubus (D:3)
  A worm (D:2)
  2 dart slugs (D:3)
  5 leopard geckos
  14 hobgoblins
  4 jackals (D:4)
  A quokka (D:3)
  3 ball pythons (D:1)
  8 bats
  3 frilled lizards
  14 goblins
  8 kobolds
  8 rats
84 creatures vanquished.

Notes
Turn   | Place    | Note
-------+----------+-------------------------------------------
     0 | D:1      | septik the Minotaur Berserker began the quest for the Orb.
     0 | D:1      | Reached XP level 1. HP: 19/19 MP: 0/0
   572 | D:1      | Reached XP level 2. HP: 27/27 MP: 1/1
   573 | D:1      | Reached skill level 4 in Axes
  1177 | D:2      | Reached ** piety under Trog
  1184 | D:2      | Reached XP level 3. HP: 21/33 MP: 2/2
  1718 | D:2      | Found an ornate altar of the Wu Jian Council.
  1865 | D:2      | Reached XP level 4. HP: 38/40 MP: 3/3
  2310 | D:3      | Noticed a centaur
  2319 | D:3      | Killed a centaur
  2320 | D:3      | Reached skill level 5 in Axes
  2320 | D:3      | Reached XP level 5. HP: 32/47 MP: 4/4
  2643 | D:3      | Identified the cursed +0 helmet of Ghostly Intercession
                  | {rC+ Dex-5 Stlth+}
  2643 | D:3      | Noticed Robin
  2841 | D:3      | Killed Robin
  3421 | D:4      | Reached *** piety under Trog
  3423 | D:4      | Reached XP level 6. HP: 43/55 MP: 5/5
  3467 | D:4      | Slain by an ogre

Illustrated notes

Levels and vault maps discovered:
D:1:      lightli_arrival_flooded_house, layout_basic, chequers_jeans
D:2:      layout_basic, marbit_many_paths, minmay_curled_crystal
D:3:      layout_loops_ring, uniq_robin
D:4:      layout_layer_cave, uniq_eustachio

Skill      XL: |  1  2  3  4  5 |
---------------+----------------+-----
Axes           | 4 5 |  5.9
Fighting       | 4 |  4.9
Armour         | 3 4 |  4.1
Dodging        | 3 |  3.7

Action                   |  1- 3 |  4- 6 || total
-------------------------+-------+-------++-------
Melee: Hand axe          |    39 |       ||    39
       Whip              |    47 |   114 ||   161
       Headbutt          |    11 |    17 ||    28
Throw: Stone             |     3 |       ||     3
Invok: Berserk           |     1 |     2 ||     3
  Use: Scroll            |     4 |     2 ||     6
Armor: Animal skin       |    15 |    37 ||    52
Dodge: Dodged            |    56 |    87 ||   143
